 Dungeon Crawl Stone Soup version 0.24-a0-479-g9a978d2894 (webtiles) character file.

Game seed: 7009831361707088542

78 Inarius the Chucker (level 4, 0/36 HPs)
             Began as a Demonspawn Hunter on July 8, 2019.
             Slain by a goblin (3 damage)
             ... on level 2 of the Dungeon.
             The game lasted 00:01:56 (1855 turns).

Inarius the Chucker (Demonspawn Hunter)             Turns: 1855, Time: 00:01:56

Health: 0/36       AC:  3    Str: 13    XL:     4   Next: 15%
Magic:  4/4        EV: 11    Int: 12    God:
Gold:   146        SH:  0    Dex: 14    Spells: 3/3 levels left

rFire    . . .     SeeInvis .   a - +0 short sword
rCold    + . .     Gourm    .   (no shield)
rNeg     . . .     Faith    .   b - +0 leather armour
rPois    .         Spirit   .   (helmet restricted)
rElec    .         Reflect  .   (no cloak)
rCorr    .         Harm     .   (no gloves)
MR       .....                  (no boots)
Stlth    +.........             (no amulet)
HPRegen  0.12/turn              m - ring of protection from cold
MPRegen  0.09/turn              (no ring)

@: drained
A: antennae 1, powered by pain 1
a: no special abilities


You were on level 2 of the Dungeon.
You were not hungry.

You visited 1 branch of the dungeon, and saw 2 of its levels.

You collected 146 gold pieces.

Inventory:

Hand Weapons
 a - a +0 short sword (weapon)
Armour
 b - a +0 leather armour (worn)
Jewellery
 m - a ring of protection from cold (left hand)
Scrolls
 g - 2 scrolls of identify {unknown}
 i - a scroll of fear {unknown}
 l - 3 scrolls of remove curse {unknown}
Potions
 e - a potion of heal wounds {unknown}
 h - a potion of agility {unknown}
 j - a potion of curing {unknown}
Comestibles
 f - 7 rations


   Skills:
 * Level 3.6(2.6) Fighting
 - Level 3.6(2.6) Throwing
 + Level 1.5(0.6) Armour
 + Level 2.3(1.3) Dodging
 - Level 0.8(0.0) Stealth


You had 3 spell levels left.
You didn't know any spells.
Your spell library was empty.

Dungeon Overview and Level Annotations

Branches:
Dungeon (2/15)

Altars:


Innate Abilities, Weirdness & Mutations

You have a pair of small antennae on your head.
You sometimes gain a little power by taking damage.


Message History

Unknown command.
You catch the helpless gnoll completely off-guard!
You hit the gnoll.
You kill the gnoll!
You closely miss the goblin. The goblin misses you.
You hit the goblin.
The goblin is severely wounded.
The goblin hits you.
* * * LOW HITPOINT WARNING * * *
You barely miss the goblin.
The goblin is severely wounded.
The goblin barely misses you.
You closely miss the goblin.
The goblin is severely wounded.
The goblin hits you.
* * * LOW HITPOINT WARNING * * *
You barely miss the goblin.
The goblin is severely wounded.
The goblin hits you.
You die...

#.##....#.# #.###.#.#.#
##.# #.....#
#..###.....#
#.###......#
#.##........
############.###......#
#.........##.# ##.....#
#..###@##.##.######.###
#g##..............
#)#####........### #.#
###..##....### .(.
......<......# (##
##..........<# .
.............# #(
#.........###
#.#......#


You could see a goblin.

Vanquished Creatures
  4 gnolls (D:2)
  An adder (D:2)
  A dart slug (D:2)
  A leopard gecko (D:1)
  2 bats (D:1)
  A giant cockroach (D:1)
  3 hobgoblins (D:1)
  8 jackals (D:2)
  A kobold (D:2)
  4 frilled lizards
  A goblin (D:1)
  3 rats
30 creatures vanquished.

Notes
Turn   | Place    | Note
-------+----------+-------------------------------------------
     0 | D:1      | Inarius the Demonspawn Hunter began the quest for the Orb.
     0 | D:1      | Reached XP level 1. HP: 16/16 MP: 1/1
   468 | D:1      | Gained mutation: You sometimes gain a little power by
                  | taking damage. [demonic ancestry]
   468 | D:1      | Reached XP level 2. HP: 15/23 MP: 2/2
  1482 | D:2      | Reached XP level 3. HP: 27/29 MP: 3/3
  1618 | D:2      | Reached skill level 1 in Armour
  1842 | D:2      | Gained mutation: You have a pair of small antennae on your
                  | head. [demonic ancestry]
  1842 | D:2      | Reached XP level 4. HP: 24/35 MP: 4/4
  1855 | D:2      | Slain by a goblin

Levels and vault maps discovered:
D:1:      evilmike_arrival_plus, layout_basic, minivault_5
D:2:      layout_loops_ring, first_ration

Skill      XL: |  1  2  3 |
---------------+----------+-----
Dodging        | 2 |  2.3
Fighting       | 3 |  3.6
Armour         | 1 |  1.5
Throwing       | |  3.6
Stealth        | |  0.8

Action                   |  1- 3 |  4- 6 || total
-------------------------+-------+-------++-------
Melee: Short sword       |   103 |    12 ||   115
Throw: Javelin           |     8 |       ||     8
       Throwing net      |     1 |     1 ||     2
 Stab: Sleeping          |     1 |       ||     1
       Held in net/web   |     1 |     1 ||     2
  Eat: Chunk             |     3 |       ||     3
Armor: Leather armour    |    25 |     1 ||    26
Dodge: Dodged            |    70 |     4 ||    74

Table legend:
 A = Non-vault XP
 B = Vault XP
 C = Vault XP percentage of total XP
 D = Non-vault monster count
 E = Vault monster count
 F = Vault count percentage of total count
                 A         B        C        D         E       F
            +---------+---------+-------+---------+---------+-------
      Total |     112 |       0 |   0.0 |      30 |       0 |   0.0
            +---------+---------+-------+---------+---------+-------
        D:1 |      19 |       0 |   0.0 |      12 |       0 |   0.0
        D:2 |      93 |       0 |   0.0 |      18 |       0 |   0.0
            +---------+---------+-------+---------+---------+-------
